[Event "Live Chess"]
[Site "Chess.com"]
[Date "2023.05.20"]
[Round "-"]
[White "KeithArkell"]
[Black "CeladonFish"]
[Result "1-0"]
[WhiteElo "2615"]
[BlackElo "1030"]
[TimeControl "300"]
[EndTime "11:27:51 PDT"]
[Termination "KeithArkell won by checkmate"]

1. d4 Nf6 2. Nf3 g6 3. c4 Bg7 4.
g3 O-O 5. Bg2 d6 6. O-O Bg4 7. Nc3 Nbd7 8. h3 Bxf3 9. Bxf3 c5 10. Bxb7 Rb8 11. Bg2 Nh5 12. d5 Bxc3 13. bxc3 Nhf6 14.
Bh6 Ne5 15. f4 Nxc4 16. Qd3 Nb2 17. Qa6 Qb6 18. Qxb6 axb6 19. Rfb1 Na4 20. c4 Rfe8 21. Rb3 Nh5 22. g4 Ng3 23. Rxg3 b5 24. cxb5 Rxb5 25. Rb3 Reb8 26. Rab1 Nc3 27. Rxb5 Rxb5 28. Rxb5 Nxb5 29. a4 Na7 30. a5 c4 31. Kf2 c3 32. Ke3 c2 33.
Kd2 Nb5 34. Kxc2 Nc7 35. e4 e6 36. dxe6 fxe6 37. Bf1 Kf7 38. a6 Nb5 39. Bxb5 e5 40. a7 exf4 41. Bxf4 d5 42. a8=Q g5 43. Qxd5+ Kg6 44. Be8+ Kh6 45. Qxg5# 1-0

[Event "Live Chess"]
[Site "Chess.com"]
[Date "2023.05.20"]
[Round "-"]
[White "mightysmasher"]
[Black "BillythekidFellowes"]
[Result "1-0"]
[WhiteElo "2142"]
[BlackElo "2013"]
[TimeControl "300"]
[EndTime "11:27:52 PDT"]
[Termination "mightysmasher won by resignation"]

1. e4 Nc6 2. d4 d5 3. exd5 Qxd5 4. Nf3 e5 5. c4 Bb4+ 6. Nc3 Qe4+ 7. Be3 Nf6 8. d5 Ne7 9. Qa4+ Bd7 10. Qxb4 Qg4 11. Nxe5 Qh4 12. Nxd7 Nxd7 13. g3 Qg4 14. Bg2 Ne5 15.
O-O h5 16. Bf4 Nf3+ 17. Bxf3 Qxf3 18. Rfe1 O-O 19. Qxe7 f6 20. Qe6+ Kh8 21. Qf5 Rae8 22. Qg6 Rxe1+ 23. Rxe1 h4 24. Re7 Rg8 25. Re3 1-0

[Event "Live Chess"]
[Site "Chess.com"]
[Date "2023.05.20"]
[Round "-"]
[White "Tushinskiy"]
[Black "ramses-IIG"]
[Result "0-1"]
[WhiteElo "2100"]
[BlackElo "801"]
[TimeControl "300"]
[EndTime "11:27:53 PDT"]
[Termination "ramses-IIG won by checkmate"]

1. d4 d5 2. c3 Nc6 3. Nf3 f6 4. Bf4 e6 5. Nbd2 Qe7 6. Bg3 e5 7. dxe5 fxe5 8. e4 d4 9. Bb5 Bd7 10. Bxc6 Bxc6 11. Nxe5 dxc3 12. bxc3 Qa3 13. Qh5+ g6 14.
Nxg6 Qxc3 15. Nxh8+ Kd8 16. Be5 Qd3 17. O-O-O Ba3+ 18. Bb2 Qc3+ 19. Kb1 Qxb2# 0-1

[Event "Live Chess"]
[Site "Chess.com"]
[Date "2023.05.20"]
[Round "-"]
[White "TDCMF"]
[Black "risinghelios"]
[Result "0-1"]
[WhiteElo "362"]
[BlackElo "1938"]
[TimeControl "300"]
[EndTime "11:27:56 PDT"]
[Termination "risinghelios won by checkmate"]

1. e4 e6 2. Nf3 d5 3. e5 c5 4. Nc3 Nc6 5. Bb5 Bd7 6. Bxc6 Bxc6 7. d4 cxd4 8. Nxd4 Ne7 9. Nxc6 Nxc6 10. Bf4 Bb4 11. a3 Bxc3+ 12. bxc3 O-O 13. Rb1 Qa5 14. Bd2 Nxe5 15. Rxb7 Nc4 16. Qe2 Rab8 17. Rd7 Rb1+ 18.
Bc1 Rxc1+ 19. Qd1 Qxc3+ 20. Ke2 Rxc2+ 21. Kf1 Nd2+ 22. Ke1 Ne4+ 23. Kf1 Rxf2+ 24. Kg1 Qe3 25. h3 Re2+ 26. Kh2 Qg3+ 27. Kg1 Re1+ 28. Qxe1 Qxe1+ 29. Kh2 Qg3+ 30. Kg1 Rb8 31. Rh2 Rb1# 0-1

[Event "Live Chess"]
[Site "Chess.com"]
[Date "2023.05.20"]
[Round "-"]
[White "matt1979"]
[Black "Ayush_prahlad_Gupta"]
[Result "1-0"]
[WhiteElo "1453"]
[BlackElo "1802"]
[TimeControl "300"]
[EndTime "11:27:58 PDT"]
[Termination "matt1979 won by checkmate"]

1. f4 e5 2. fxe5 Nc6 3. Nf3 Bc5 4. e3 d6 5. d4 Nf6 6. dxc5 Ng4 7. exd6 O-O 8. Be2 cxd6 9. cxd6 Be6 10. O-O Qf6 11.
Nd4 Qh4 12. h3 Nge5 13. Nxc6 bxc6 14. Nc3 Qg3 15. Qe1 Qg6 16. Kh2 Bd7 17. Qg3 Qxd6 18. Ne4 Qe6 19. Nf6+ Kh8 20. Nxd7 Nxd7 21. Bd3 f5 22.
Bd2 Rf6 23. Bc3 Rg6 24. Qf4 Qd5 25. Rf2 Nf6 26. Qxf5 Qd6+ 27. Be5 Qb4 28. Bxf6 Rxf6 29. Qxh7# 1-0

[Event "Live Chess"]
[Site "Chess.com"]
[Date "2023.05.20"]
[Round "-"]
[White "JamesWallman"]
[Black "kerryman1969"]
[Result "0-1"]
[WhiteElo "758"]
[BlackElo "1148"]
[TimeControl "300"]
[EndTime "11:28:15 PDT"]
[Termination "kerryman1969 won on time"]

1. e4 e5 2. Nf3 Nc6 3. Bc4 d6 4.
c3 Nf6 5. d3 Be7 6. b4 O-O 7. Qb3 Bd7 8. Ng5 Qe8 9. O-O h6 10.
Nf3 Bg4 11. Nh4 Nxe4 12. Ng6 Nf6 13. Nxf8 Qxf8 14. h3 Bd7 15. Be3 a6 16. Nd2 b5 17.
Bd5 Nxd5 18. Qxd5 Rc8 19. Qf3 Nd8 20. Qg3 Ne6 21. Bxh6 Bf6 22. Be3 g6 23. Ne4 Be7 24. f4 Qd8 25. f5 Bh4 26. Qf3 Ng7 27. g3 gxf5 28. Nf2 Be7 29. Qg2 c5 30. bxc5 dxc5 31. Rae1 Bc6 32. Qh2 Qxd3 33. Nxd3 e4 34. Nf4 Bd6 35.
Nh5 Nxh5 36. Rxf5 Bxg3 37. Qg2 Nf4 38. Qxg3+ Ng6 0-1

[Event "Live Chess"]
[Site "Chess.com"]
[Date "2023.05.20"]
[Round "-"]
[White "birdseed45"]
[Black "GMHarry-youtube"]
[Result "0-1"]
[WhiteElo "1872"]
[BlackElo "2107"]
[TimeControl "300"]
[EndTime "11:28:17 PDT"]
[Termination "GMHarry-youtube won by resignation"]

1. e4 c5 2. Nf3 d6 3. d4 cxd4 4. Nxd4 Nf6 5. Nc3 g6 6. Bg5 Bg7 7. Be2 O-O 8. O-O Qa5 9. Be3 Nc6 10. f4 Bd7 11. Bd3 Ng4 12. Nxc6 bxc6 13. Qe2 Qb4 14. f5 Nxe3 15. Qxe3 Bd4 0-1

[Event "Live Chess"]
[Site "Chess.com"]
[Date "2023.05.20"]
[Round "-"]
[White "mach247"]
[Black "flyingpuffins"]
[Result "0-1"]
[WhiteElo "1299"]
[BlackElo "1981"]
[TimeControl "300"]
[EndTime "11:28:18 PDT"]
[Termination "flyingpuffins won by resignation"]

1. e4 c5 2. Nf3 g6 3. d3 d5 4.
exd5 Qxd5 5. Nc3 Qd8 6. Be2 Bg7 7. O-O Nf6 8. Bd2 O-O 9. Qc1 Nc6 10. Bh6 Nd4 11. Bxg7 Nxe2+ 12. Nxe2 Kxg7 13. Ng3 h5 14. Qg5 Qd5 15. Rfe1 Qxg5 16. Nxg5 e6 17. N3e4 Nxe4 18. Rxe4 b6 19. c3 Bb7 20. Re3 Rad8 21. Rd1 Rd5 22. Nf3 Rfd8 23. d4 cxd4 24. Rxd4 Rxd4 25. Nxd4 Kf6 26.
Kf1 Ba6+ 27. Ke1 Bb7 28. f3 a6 29. Ke2 h4 30. g3 hxg3 31. hxg3 Rh8 32. Kd3 Rh2 33.
Re2 Rh3 34. Rg2 e5 35. Ne2 Bxf3 36. Rf2 e4+ 37. Ke3 Ke5 38. Ng1 Rxg3 39. Nxf3+ Rxf3+ 40. Rxf3 exf3 41. Kxf3 Kd5 42. b3 f5 0-1

[Event "Live Chess"]
[Site "Chess.com"]
[Date "2023.05.20"]
[Round "-"]
[White "VovaOvchar1990"]
[Black "ameetghasi100"]
[Result "0-1"]
[WhiteElo "1202"]
[BlackElo "2722"]
[TimeControl "300"]
[EndTime "11:28:19 PDT"]
[Termination "ameetghasi100 won by resignation"]

1. e4 c5 2. Bc4 e6 3. Nf3 a6 4. c3 b5 5. Bb3 Bb7 6. d3 Nf6 7. O-O Be7 8. h3 d6 9. Bg5 Nbd7 10. Re1 Qc7 11. Nbd2 h6 12. Bh4 g5 13. Bg3 Nh5 14.
Bh2 Rg8 15. g4 Nf4 16. Bxf4 gxf4 17. Kg2 h5 18. g5 Ne5 19. Nxe5 Rxg5+ 20. Kf3 dxe5 21.
Rg1 O-O-O 22. Rxg5 Bxg5 23. Qg1 Qe7 24. Qg2 Rxd3+ 25.
Ke2 f3+ 26. Qxf3 Rxf3 27. Kxf3 Bxd2 0-1

[Event "Live Chess"]
[Site "Chess.com"]
[Date "2023.05.20"]
[Round "-"]
[White "DerbyKnight"]
[Black "Andysav3"]
[Result "0-1"]
[WhiteElo "1658"]
[BlackElo "1698"]
[TimeControl "300"]
[EndTime "11:28:20 PDT"]
[Termination "Andysav3 won by resignation"]

1. d4 Nf6 2. Nf3 e6 3. Nc3 d5 4. Bf4 Be7 5. e3 O-O 6. Nb5 Na6 7. h3 c6 8. Nc3 b5 9. a4 b4 10. Na2 c5 11. dxc5 Bxc5 12. Bb5 Nc7 13. Bc6 Rb8 14. a5 Ba6 15. Ne5 Bd6 16. Nd3 Bxf4 17. exf4 Qd6 18. Ne5 Rfd8 19. Qd4 b3 20. cxb3 Rxb3 21. Nc1 Rb4 22.
Qe3 Re4 0-1

[Event "Live Chess"]
[Site "Chess.com"]
[Date "2023.05.20"]
[Round "-"]
[White "HoarseyHorsey"]
[Black "ProfPoisson"]
[Result "1-0"]
[WhiteElo "1388"]
[BlackElo "1045"]
[TimeControl "300"]
[EndTime "11:28:25 PDT"]
[Termination "HoarseyHorsey won on time"]

1. d4 e6 2. c4 f5 3. Nc3 Nf6 4.
Bg5 Bb4 5. e3 Bxc3+ 6. bxc3 O-O 7. h4 b6 8. Nf3 Bb7 9. Bd3 d6 10. O-O Qe8 11. Re1 Ne4 12. Bxe4 Bxe4 13. d5 e5 14. Nd2 h6 15. Nxe4 fxe4 16. Qg4 hxg5 17.
hxg5 Nd7 18. Qxe4 Nc5 19. Qg4 Qg6 20. f3 Rf7 21. Kf2 Nd3+ 22. Ke2 Nxe1 23. Rxe1 Qc2+ 24. Kf1 Qxa2 25. g6 Rf6 26. Qh5 Kf8 27. Qh8+ Ke7 28.
Qxa8 Qxc4+ 29. Kf2 Qxc3 30. Re2 e4 31. f4 Rxg6 32.
Qc8 a5 33. g4 Rh6 34. Kg3 a4 35. g5 Rg6 36. Kg4 a3 37. f5 Rxg5+ 38. Kxg5 Qf6+ 39.
Kg4 Qc3 40. Qe6+ Kd8 41. Qg8+ Kd7 42. Qxg7+ Qxg7+ 43. Kf4 Qh6+ 44. Kg4 Qg7+ 45. Kf4 a2 46. Rxa2 Qe5+ 47. Kg4 Qxd5 48. Rh2 Qg8+ 49. Kf4 1-0

[Event "Live Chess"]
[Site "Chess.com"]
[Date "2023.05.20"]
[Round "-"]
[White "Bot_Boy"]
[Black "Albul"]
[Result "0-1"]
[WhiteElo "332"]
[BlackElo "2162"]
[TimeControl "300"]
[EndTime "11:28:27 PDT"]
[Termination "Albul won on time"]

1. Nf3 f5 2. Nc3 Nf6 3. d3 d6 4.
e4 g6 5. e5 dxe5 6. Nxe5 Bg7 7. Bf4 Nh5 8. Qf3 Qd4 9. Nb5 Qb4+ 10. Kd1 Qxb5 11. d4 Qxb2 12. Rc1 Qxd4+ 13. Bd2 Bxe5 14. Bb5+ c6 15. c3 Qe4 16. Qxe4 fxe4 17. Be2 Nf4 18. Rg1 Nxe2 19. Kxe2 O-O 20. Bh6 Rd8 21. Ke3 Bf5 22. g4 Rd3+ 23. Ke2 Be6 24. Be3 Na6 0-1

[Event "Live Chess"]
[Site "Chess.com"]
[Date "2023.05.20"]
[Round "-"]
[White "alexlines8"]
[Black "Tilbs_12"]
[Result "0-1"]
[WhiteElo "1255"]
[BlackElo "1578"]
[TimeControl "300"]
[EndTime "11:28:30 PDT"]
[Termination "Tilbs_12 won by resignation"]

1. e4 c6 2. d4 d5 3. f3 dxe4 4. fxe4 e5 5. Nf3 Bg4 6. Be3 Nf6 7. Nc3 Bb4 8. Qd2 Nxe4 9. Qd3 Nxc3 10. bxc3 Bxf3 11.
gxf3 Ba5 12. Bh3 O-O 13. Rg1 Re8 14. Bh6 Qh4+ 15. Ke2 Qxh6 16. Bf5 exd4+ 17. Kf2 g6 18. Qxd4 Bb6 0-1

[Event "Live Chess"]
[Site "Chess.com"]
[Date "2023.05.20"]
[Round "-"]
[White "martynstanley"]
[Black "ethiebear"]
[Result "1-0"]
[WhiteElo "1031"]
[BlackElo "808"]
[TimeControl "300"]
[EndTime "11:28:36 PDT"]
[Termination "martynstanley won by checkmate"]

1. d4 Nf6 2. e3 e6 3. Bd3 d5 4. c3 Bd6 5. f4 O-O 6. Nf3 Nbd7 7. O-O b6 8. Ne5 Bb7 9. Rf3 Ng4 10. Rh3 Qf6 11. Qxg4 Bxe5 12. fxe5 Nxe5 13. dxe5 Qxe5 14. Bxh7+ Kh8 15. Bg6+ Kg8 16. Qh5 fxg6 17. Qh7+ Kf7 18. Rf3+ Ke8 19. Qxg6+ Rf7 20. Qxf7+ Kd8 21. Qf8+ Kd7 22.
Qf7+ Kd6 23. b3 d4 24. Ba3+ c5 25. cxd4 Qd5 26. Qf4+ e5 27. dxe5+ Ke6 28. Nc3 Qd3 29. Rd1 Qe2 30. Qf5+ Ke7 31. Nxe2 Bxf3 32. Qf4 Rf8 33. Qxf8+ Kxf8 34. gxf3 g5 35. Kg2 Kg7 36. Kg3 Kg6 37.
Kg4 Kh6 38. f4 Kg6 39. fxg5 Kg7 40. Nf4 Kg8 41. g6 Kg7 42. Kg5 Kh8 43. h4 Kg8 44.
h5 Kg7 45. h6+ Kf8 46. Rd8+ Ke7 47. Ra8 Kd7 48. Rxa7+ Kc6 49. h7 Kb5 50. h8=Q Kc6 51.
Qe8# 1-0

[Event "Live Chess"]
[Site "Chess.com"]
[Date "2023.05.20"]
[Round "-"]
[White "Singapourfeuj"]
[Black "WilliamofOrange16th"]
[Result "1-0"]
[WhiteElo "2241"]
[BlackElo "1880"]
[TimeControl "300"]
[EndTime "11:28:42 PDT"]
[Termination "Singapourfeuj won by resignation"]

1. e4 d6 2. d4 Nf6 3. Nc3 Nbd7 4.
Bc4 e5 5. Nf3 Be7 6. O-O O-O 7.
a4 c6 8. h3 a5 9. Re1 Nb6 10.
Bb3 Nfd7 11. dxe5 Nxe5 12. Nxe5 dxe5 13. Be3 Qc7 14. Qf3 Be6 15. Bxe6 fxe6 16. Qg4 Qc8 17. Bxb6 1-0

[Event "Live Chess"]
[Site "Chess.com"]
[Date "2023.05.20"]
[Round "-"]
[White "Ocelot32"]
[Black "Doge_Dandolo"]
[Result "1-0"]
[WhiteElo "1428"]
[BlackElo "2051"]
[TimeControl "300"]
[EndTime "11:28:43 PDT"]
[Termination "Ocelot32 won by checkmate"]

1. e4 c6 2. Nf3 d5 3. Nc3 Bg4 4. h3 Bxf3 5. Qxf3 e6 6. exd5 cxd5 7. d4 Nc6 8. Ne2 Bd6 9. c3 Qc7 10. Bf4 Nf6 11. Bxd6 Qxd6 12. Ng3 O-O 13. Bd3 Rab8 14.
O-O b5 15. a3 a5 16. Nh5 Nxh5 17. Qxh5 g6 18. Qg5 b4 19. axb4 axb4 20. Rfb1 bxc3 21. bxc3 Rxb1+ 22. Rxb1 Qc7 23. h4 Rc8 24. h5 Qd8 25. Qg3 Na5 26. h6 Rxc3 27. Rb8 Rc8 28. Qe5 f6 29. Qxe6+ Kf8 30. Rxc8 Qxc8 31. Qxc8+ Kf7 32. Qc7+ Ke6 33. Qxa5 f5 34. f4 Kf6 35. g3 g5 36.
Qxd5 gxf4 37. gxf4 Kg6 38. Qe5 Kxh6 39. Qf6+ Kh5 40. Qg5# 1-0

[Event "Live Chess"]
[Site "Chess.com"]
[Date "2023.05.20"]
[Round "-"]
[White "wot-not"]
[Black "Hacker_2009"]
[Result "0-1"]
[WhiteElo "1460"]
[BlackElo "1928"]
[TimeControl "300"]
[EndTime "11:28:46 PDT"]
[Termination "Hacker_2009 won by checkmate"]

1. e4 c5 2. f4 d6 3. Nf3 Nf6 4. e5 dxe5 5. fxe5 Nd5 6. d4 cxd4 7.
Bd3 e6 8. O-O Be7 9. Na3 Nc6 10.
Nc4 O-O 11. Bd2 a6 12. Rc1 b5 13. Na3 Bb7 14. Nb1 Ncb4 15. Bxb4 Nxb4 16. Nbd2 Nxa2 17. Ra1 Nb4 18. Be4 Bxe4 19. Nxe4 Qd5 20. Neg5 h6 21. Nh3 Rac8 22. Nf4 Qc5 23. Qxd4 Qxd4+ 24. Nxd4 Nxc2 25. Nxc2 Rxc2 26. Rxa6 Bg5 27. Nd3 Rd8 28. Nb4 Rxb2 29. Nc6 Rdd2 30. Rfa1 Rxg2+ 31. Kf1 Rxh2 32. Ra8+ Kh7 33.
Rf8 Rh1# 0-1

[Event "Live Chess"]
[Site "Chess.com"]
[Date "2023.05.20"]
[Round "-"]
[White "PantherCal"]
[Black "DRS44"]
[Result "0-1"]
[WhiteElo "1814"]
[BlackElo "1437"]
[TimeControl "300"]
[EndTime "11:28:48 PDT"]
[Termination "DRS44 won by resignation"]

1. e4 e5 2. Nf3 d5 3. exd5 Bd6 4. Nc3 f5 5. d3 Nf6 6. Bg5 h6 7. Bxf6 Qxf6 8. Qd2 O-O 9. O-O-O Qg6 10. h4 e4 11.
dxe4 fxe4 12. Nd4 Bf4 0-1

[Event "Live Chess"]
[Site "Chess.com"]
[Date "2023.05.20"]
[Round "-"]
[White "SavagePawn7"]
[Black "Delacorta"]
[Result "1-0"]
[WhiteElo "765"]
[BlackElo "1392"]
[TimeControl "300"]
[EndTime "11:29:01 PDT"]
[Termination "SavagePawn7 won by resignation"]

1. e4 e6 2. d4 d5 3. c4 dxe4 4. d5 exd5 5. cxd5 Nf6 6. Nc3 Bb4 7.
Qa4+ Qd7 8. Qxb4 Nxd5 9. Nxd5 Qxd5 10. Bc4 Qc6 11. Bb5 1-0

[Event "Live Chess"]
[Site "Chess.com"]
[Date "2023.05.20"]
[Round "-"]
[White "Richardallis"]
[Black "olahgito"]
[Result "1-0"]
[WhiteElo "1685"]
[BlackElo "730"]
[TimeControl "300"]
[EndTime "11:29:01 PDT"]
[Termination "Richardallis won by checkmate"]

1. d4 d5 2. Nf3 Bg4 3. Bg5 f6 4. Bh4 Nc6 5. c3 e5 6. dxe5 Bxf3 7. exf3 Nxe5 8. Nd2 Ng6 9. Bg3 Bd6 10. Bd3 Bxg3 11. hxg3 N8e7 12. Qe2 O-O 13. O-O-O Re8 14. Qe6+ Kh8 15. Rxh7+ Kxh7 16. Rh1# 1-0

[Event "Live Chess"]
[Site "Chess.com"]
[Date "2023.05.20"]
[Round "-"]
[White "worldchessleaguelive"]
[Black "AbilifyXL"]
[Result "0-1"]
[WhiteElo "1346"]
[BlackElo "1958"]
[TimeControl "300"]
[EndTime "11:29:06 PDT"]
[Termination "AbilifyXL won by resignation"]

1. d3 d5 2. Bf4 c5 3. Nf3 Nc6 4. e3 Nf6 5. Be2 Bg4 6. O-O e6 7. h3 Bh5 8. Ne5 Bxe2 9. Qxe2 Rc8 10. Nxc6 Rxc6 11. Nc3 Bd6 12. Bxd6 Qxd6 13. e4 dxe4 14. Nxe4 Nxe4 15. dxe4 O-O 16. Rfd1 Qe5 17. c3 Rd6 18. Rxd6 Qxd6 19. Rd1 Qc7 20. Rd3 Rd8 21.
Qd2 Rxd3 22. Qxd3 h6 23. f3 a6 24. Kf2 b5 25. Ke3 c4 26. Qd4 Qg3 27. Qd8+ Kh7 28.
Qf8 Kg6 29. Qc8 Qxg2 30. Qxa6 Qxb2 31. Kd4 Qd2+ 32. Kc5 Qxc3 33. Qxb5 Qxf3 34. Qxc4 Qa3+ 35. Kd4 Qa7+ 36. Ke5 f6+ 37. Kd6 e5 38. a4 Qd4+ 39.
Qd5 Qxa4 40. Ke7 Qb4+ 41. Ke8 Qb8+ 42. Ke7 Qc7+ 43. Ke8 h5 44. Qe6 Qb8+ 45. Ke7 Qb7+ 46. Ke8 Qxe4 47. Qf7+ Kh6 48. Qg8 Qg6+ 49. Kf8 e4 50.
Qh8+ Kg5 51. Qg8 f5 52. Qd5 Qf6+ 53. Kg8 g6 54. Qd2+ f4 55. Qg2+ Kf5 56. Qb2 Qxb2 0-1

[Event "Live Chess"]
[Site "Chess.com"]
[Date "2023.05.20"]
[Round "-"]
[White "Geomorph"]
[Black "MaximKris"]
[Result "0-1"]
[WhiteElo "1222"]
[BlackElo "1881"]
[TimeControl "300"]
[EndTime "11:29:07 PDT"]
[Termination "MaximKris won by checkmate"]

1. e4 e5 2. Nf3 Nc6 3. Bc4 Bc5 4. O-O Nf6 5. d4 exd4 6. e5 d5 7. exf6 dxc4 8. fxg7 Rg8 9. Re1+ Be6 10. Ng5 Qd5 11.
Qh5 O-O-O 12. Qxh7 Ne5 13. Nxe6 Qxe6 14. Bf4 Nf3+ 15. Kf1 Qxe1# 0-1

[Event "Live Chess"]
[Site "Chess.com"]
[Date "2023.05.20"]
[Round "-"]
[White "LiamBellwood"]
[Black "laki79"]
[Result "1-0"]
[WhiteElo "2089"]
[BlackElo "2228"]
[TimeControl "300"]
[EndTime "11:29:25 PDT"]
[Termination "LiamBellwood won on time"]

1. d4 Nf6 2. Nc3 d5 3. Bf4 c6 4. e3 g6 5. Nf3 Bg7 6. Be2 Nbd7 7. Qd2 b5 8. Ne5 Nxe5 9. Bxe5 O-O 10. O-O Nd7 11. Bxg7 Kxg7 12. f3 e5 13. e4 b4 14.
Na4 exd4 15. Qxd4+ Qf6 16. Qxb4 Rb8 17. Qd2 d4 18. c3 dxc3 19. Nxc3 Nb6 20. Rad1 Be6 21. Qd4 Rfd8 22. Qxf6+ Kxf6 23. Rxd8 Rxd8 24. Rd1 Rxd1+ 25. Bxd1 Nc4 26. b3 Ne3 27. Kf2 Nxd1+ 28. Nxd1 Ke5 29.
Ke3 g5 30. g3 Kd6 31. f4 gxf4+ 32. gxf4 f6 33. Nf2 Kc5 34. Nd3+ Kb5 35. a4+ Ka5 36.
b4+ Kb6 37. a5+ Kb5 38. Kd4 Bc4 39. e5 fxe5+ 40. Nxe5 Ba2 41. f5 Kxb4 42. f6 c5+ 43. Ke4 Kxa5 44. f7 Bxf7 45. Nxf7 Kb4 46. Ng5 c4 47. Ke3 Kb3 48. Ne4 c3 49. Kd3 c2 50.
Nd2+ Kb2 51. Nc4+ Kb1 52. Nd2+ Kc1 53. Nc4 Kd1 54. Nb2+ Ke1 55. Nc4 c1=Q 56. Ne3 Qxe3+ 57. Kxe3 a5 58. Ke4 a4 59. h4 a3 60. h5 a2 61.
Kf5 1-0

[Event "Live Chess"]
[Site "Chess.com"]
[Date "2023.05.20"]
[Round "-"]
[White "blunderabit"]
[Black "gmnorfolk"]
[Result "1-0"]
[WhiteElo "1897"]
[BlackElo "2084"]
[TimeControl "300"]
[EndTime "11:29:26 PDT"]
[Termination "blunderabit won by resignation"]

1. e4 e5 2. Nf3 Nc6 3. Bb5 a6 4. Ba4 Nf6 5. O-O Be7 6. Re1 b5 7. Bb3 O-O 8. a4 Bb7 9. d3 d6 10. c3 Na5 11. Bc2 c5 12. Nbd2 Rc8 13. axb5 axb5 14. Nf1 h6 15. Ng3 Re8 16. Nf5 Bf8 17.
h3 c4 18. Nh2 cxd3 19. Qxd3 Bc6 20. Qg3 Kh8 21. Ng4 Nxg4 22. hxg4 d5 23. exd5 Qxd5 24.
Rxa5 e4 25. Be3 Qe6 26. Ra6 Qd7 27. Bd4 f6 28. Ra7 Rc7 29. Rxc7 1-0

[Event "Live Chess"]
[Site "Chess.com"]
[Date "2023.05.20"]
[Round "-"]
[White "onemoretime1975"]
[Black "Ferrarifan27"]
[Result "0-1"]
[WhiteElo "1918"]
[BlackElo "2110"]
[TimeControl "300"]
[EndTime "11:29:29 PDT"]
[Termination "Ferrarifan27 won by resignation"]

1. e4 e5 2. Nf3 Nc6 3. Bc4 Nd4 4.
c3 Nxf3+ 5. Qxf3 Qf6 6. Qxf6 Nxf6 7. f3 Bc5 8. Ke2 d6 9. d3 O-O 10. Be3 Bxe3 11. Kxe3 c6 12. Bb3 d5 13. Nd2 Be6 14. d4 exd4+ 15. Kxd4 Rad8 16. Ke3 Rfe8 17. e5 Bf5 18. g4 Rxe5+ 19. Kf4 Re2 20. Kxf5 Rxd2 21. Rab1 Re8 22. Bd1 Rd3 23. Kf4 Rde3 24. Bc2 Nd7 25. Rhd1 Re2 26. Bf5 Ne5 27. Re1 Rxe1 28. Rxe1 Ng6+ 29.
Bxg6 Rxe1 0-1

[Event "Live Chess"]
[Site "Chess.com"]
[Date "2023.05.20"]
[Round "-"]
[White "HoarseyHorsey"]
[Black "mach247"]
[Result "0-1"]
[WhiteElo "1371"]
[BlackElo "1309"]
[TimeControl "300"]
[EndTime "11:29:39 PDT"]
[Termination "mach247 won by resignation"]

1. d4 Nf6 2. c4 e6 3. Nc3 d5 4. cxd5 Nxd5 5. e4 Nxc3 6. bxc3 e5 7. Nf3 exd4 8. cxd4 Bb4+ 9. Bd2 Bxd2+ 10. Qxd2 O-O 11.
Bc4 Bg4 12. Qd3 Bxf3 13. Qxf3 Qxd4 14. Qe2 Qxa1+ 0-1

[Event "Live Chess"]
[Site "Chess.com"]
[Date "2023.05.20"]
[Round "-"]
[White "Davidagye"]
[Black "ReceptiveCamel"]
[Result "1-0"]
[WhiteElo "1674"]
[BlackElo "626"]
[TimeControl "300"]
[EndTime "11:29:43 PDT"]
[Termination "Davidagye won by checkmate"]

1. e4 e5 2. Bc4 Nf6 3. f4 exf4 4. Nf3 Nxe4 5. O-O Bc5+ 6. d4 Bd6 7. Re1 f5 8. Nc3 b6 9. Nxe4 fxe4 10. Rxe4+ Be7 11. Ng5 Bb7 12. Bf7+ Kf8 13. Bxf4 Bxe4 14. Qh5 g6 15. Qh6# 1-0

[Event "Live Chess"]
[Site "Chess.com"]
[Date "2023.05.20"]
[Round "-"]
[White "Vladyslav2008"]
[Black "wadsy27"]
[Result "0-1"]
[WhiteElo "2173"]
[BlackElo "2589"]
[TimeControl "300"]
[EndTime "11:29:45 PDT"]
[Termination "wadsy27 won by resignation"]

1. d4 d5 2. c4 c6 3. Nf3 Nf6 4. e3 Bf5 5. Nc3 a6 6. b3 b5 7. c5 a5 8. Ne5 e6 9. a4 b4 10.
Ne2 Nfd7 11. f4 Nxe5 12. fxe5 Nd7 13. Ng3 Bg6 14. Be2 Nxc5 15. dxc5 Bxc5 16. O-O Qg5 17. Kh1 Qxe5 18. Bd2 h5 19. Rc1 Bd6 20. Rf4 h4 21. Nf1 h3 22. g3 Be4+ 23. Kg1 g5 24. Rf2 c5 25. Bb5+ Ke7 26. Be1 Bg2 27. Qe2 f5 28. Bd2 g4 29. e4 Qxe4 30. Bg5+ Kf7 31. Qd2 Bxf1 32. Rcxf1 Be5 33. Bd3 Qd4 34. Be3 Qc3 35. Bxf5 Qxd2 36. Bxe6+ Kxe6 37. Rxd2 Rhf8 38. Bxc5 Rxf1+ 39. Kxf1 Rc8 40. Bb6 Rc1+ 41. Kf2 d4 42. Bxa5 Rh1 43.
Ke2 Rxh2+ 44. Kd3 Rxd2+ 45. Kxd2 h2 0-1

[Event "Live Chess"]
[Site "Chess.com"]
[Date "2023.05.20"]
[Round "-"]
[White "JohanKjeldahl"]
[Black "AdamOwls"]
[Result "1/2-1/2"]
[WhiteElo "1787"]
[BlackElo "1940"]
[TimeControl "300"]
[EndTime "11:29:49 PDT"]
[Termination "Game drawn by repetition"]

1. c4 c6 2. e4 d5 3. exd5 cxd5 4. cxd5 Nf6 5. Nc3 Nxd5 6. Bc4 Nxc3 7. bxc3 Nc6 8. d4 Bf5 9. Nf3 e6 10. O-O Be7 11.
Bf4 O-O 12. Bd3 Bxd3 13. Qxd3 Rc8 14. Rab1 b6 15. Rfd1 Bf6 16. Qe2 Re8 17. Rb5 Ne7 18.
Bd2 Nd5 19. c4 Nc7 20. Rb4 Qe7 21. Ne5 Bxe5 22. Qxe5 Red8 23. Rb3 Ne8 24. Bb4 Qf6 25. Qxf6 Nxf6 26. Be7 Rd7 27. Bxf6 gxf6 28. Rc3 Rdc7 29. Rdc1 Kf8 30. Kf1 Ke7 31. Ke2 Kd6 32. Kd3 Rg8 33. g3 Rg5 34. h4 Ra5 35. a3 Rf5 36.
R1c2 Rf3+ 37. Ke2 Rxc3 38. Rxc3 Rc8 39. Ke3 Rg8 40. c5+ bxc5 41. Rxc5 Rb8 42. Ra5 Rb3+ 43. Ke2 Rb7 44. Ke3 f5 45. f3 f6 46. f4 h5 47. Kf2 Rb2+ 48. Ke3 Rb3+ 49. Kf2 Rb7 50. Ke3 Rc7 51. Kd3 Kc6 52. Ra6+ Kd7 53. d5 exd5 54. Rxf6 Rb7 55. Rxf5 Rb3+ 56. Kd4 Rxg3 57. Rxh5 Rxa3 58. Rxd5+ Ke6 59. Re5+ Kf6 60. h5 Ra4+ 61. Ke3 Ra3+ 62. Kd4 Ra4+ 63. Ke3 Ra3+ 64. Ke4 Ra4+ 65. Ke3 1/2-1/2

[Event "Live Chess"]
[Site "Chess.com"]
[Date "2023.05.20"]
[Round "-"]
[White "risinghelios"]
[Black "Tushinskiy"]
[Result "0-1"]
[WhiteElo "1933"]
[BlackElo "2105"]
[TimeControl "300"]
[EndTime "11:30:02 PDT"]
[Termination "Tushinskiy won by resignation"]

1. e4 e5 2. Nf3 d6 3. Bc4 Bg4 4. Nc3 Nf6 5. d3 Nbd7 6. O-O c6 7.
Bg5 Be7 8. h3 Bh5 9. Ne2 O-O 10. Ng3 Bg6 11. Nh4 b5 12. Nxg6 hxg6 13. Bb3 a5 14. c3 Nc5 15. Bc2 b4 16. d4 exd4 17. cxd4 Ne6 18. Bxf6 Bxf6 19. d5 cxd5 20. Qxd5 Bxb2 21. Rab1 Be5 22. Ne2 Qf6 23. Bb3 Kh7 24. Nc1 Nf4 25. Qd2 Qg5 26. f3 Nxh3+ 27. Kh1 Qxd2 0-1

[Event "Live Chess"]
[Site "Chess.com"]
[Date "2023.05.20"]
[Round "-"]
[White "seuen"]
[Black "zdanevych"]
[Result "1-0"]
[WhiteElo "1156"]
[BlackElo "1527"]
[TimeControl "300"]
[EndTime "11:30:09 PDT"]
[Termination "seuen won by resignation"]

1. e4 c5 2. c3 e6 3. d4 cxd4 4.
cxd4 d5 5. e5 Nc6 6. Nf3 h6 7.
Bd3 Nge7 8. O-O Ng6 9. Nc3 Be7 10. Qb3 O-O 11. Qc2 Qe8 12. Nb5 a6 13. Nc7 Qd7 14. Nxa8 b5 15. Nb6 Qb7 16. Nxc8 Rxc8 17. Bxg6 fxg6 18. Qxg6 Qd7 19. Bxh6 1-0

[Event "Live Chess"]
[Site "Chess.com"]
[Date "2023.05.20"]
[Round "-"]
[White "Missedidea"]
[Black "profpirate4"]
[Result "1-0"]
[WhiteElo "1720"]
[BlackElo "1048"]
[TimeControl "300"]
[EndTime "11:30:10 PDT"]
[Termination "Missedidea won by resignation"]

1. d4 f5 2. e4 fxe4 3. Nc3 Nf6 4. Bg5 Nc6 5. f3 e3 6. Bxe3 d5 7. Bd3 e6 8. a3 Be7 9. Qd2 e5 10. dxe5 Nxe5 11. O-O-O d4 12. Bxd4 Qxd4 13. Bg6+ Nxg6 14. Qxd4 Bd7 15. g4 Rd8 16. Qxa7 Bc6 17. h3 Nf4 18. Rxd8+ Bxd8 19. Qe3+ 1-0